Construct Section Command Post
Construct Platoon Command Post
Unlock M3 Stuart Light Tanks
Selects Indian Artillery Battlegroup
Selects Gurkha Rifles Section
Construct Field Infirmary
6-pounder Anti-tank Gun Team
Selects Volunteer Infantry
6-pounder Anti-tank Gun Team
Construct Company Command Post
Selects Artillery Saturation
Unlock M3 Grant Medium Tanks
Selects Off-map Airburst Barrage
Selects BL5.5 Artillery Emplacement